[Event "Team 45 45 League T55"]
[Site "Internet Chess Club"]
[Date "2012.11.26"]
[Round "2"]
[White "kidviper"]
[Black "primerpaso"]
[Result "1/2-1/2"]
[WhiteElo "1944"]
[BlackElo "1941"]
[Opening "Sicilian: Canal-Sokolsky attack, 3...Bd7"]
[ECO "B52"]
[Time "18:05:56"]
[TimeControl "2700+45"]

1. e4 c5 2. Nf3 d6 3. Bb5+ Bd7 4. Bxd7+ Qxd7 5. O-O Nc6 6. d4 cxd4 7. Nxd4 g6 8.
Be3 Bg7 9. c3 Nf6 10. f3 O-O 11. Nd2 a6 12. a4 Qc7 13. Nxc6 bxc6 14. a5 Nd7 15.
Nc4 c5 16. Qd2 Rad8 17. Rfd1 Ne5 18. Nb6 Nc6 19. Qe2 Qb7 20. Bg5 h6 21. Bh4 g5
22. Bg3 Rfe8 23. h4 Rb8 24. Rdb1 Nxa5 25. Rxa5 Qxb6 26. Rxa6 Qb7 27. hxg5 hxg5
28. Ra3 Ra8 29. Rba1 Rxa3 30. Rxa3 Rb8 31. Ra2 Qb3 32. Qa6 Rb6 33. Qc8+ Kh7 34.
Qf5+ Kh6 35. f4 Qd1+ 36. Kf2 Qd2+ 37. Kf3 Qd1+ 38. Ke3 Qg1+ 39. Kf3 Qd1+ 40. Kf2
Qd2+ 41. Kg1 Qd1+ 42. Kf2 Qd2+ 43. Kf1 Qd3+ 44. Kg1 Qd1+ 45. Kh2 Qh5+ 46. Qh3 g4
47. Qh4 Bf6 48. Qxh5+ Kxh5 49. Bf2 e6 50. Be3 Rb5 51. Bd2 e5 52. f5 Bg5 53. Be1
Rb3 54. Bg3 Bc1 55. Ra6 Bxb2 56. Rxd6 Bxc3 57. Rd7 Bd4 58. Rxf7 Rb1 59. Rh7+ Kg5
60. Bh4+ Kf4 61. g3+ Kxe4 62. f6 Rb2+ 63. Kh1 Rb1+ 64. Kg2 Rb2+ 65. Kh1 Rb1+ 66.
Kg2 Rb2+ 67. Kf1 Kd3 68. Rd7 Rb1+ 69. Kg2 Rb2+ 70. Kf1 Rb1+ 71. Kg2 Rb2+ 72. Kf1
{Game drawn by repetition} 1/2-1/2

[Event "Team 45 45 League T55"]
[Site "Internet Chess Club"]
[Date "2012.11.25"]
[Round "2"]
[White "toukon"]
[Black "Portola"]
[Result "0-1"]
[WhiteElo "1704"]
[BlackElo "1802"]
[Opening "QGD: Orthodox defense, Swiss, Karlsbad variation"]
[ECO "D63"]
[Time "21:00:20"]
[TimeControl "2700+45"]

1. d4 d5 2. c4 e6 3. Nc3 Nf6 4. Bg5 Be7 5. e3 Nbd7 6. Nf3 O-O 7. Rc1 a6 8. cxd5
exd5 9. Bd3 c6 10. O-O h6 11. Bh4 Nb6 12. Ne5 Nfd7 13. Bxe7 Qxe7 14. Nxd7 Nxd7
15. a3 Nf6 16. h3 Bd7 17. b4 b5 18. Ne2 a5 19. Qb3 axb4 20. axb4 Ra4 21. Rb1
Rfa8 22. Nf4 Ra3 23. Qc2 R8a4 24. Qd2 Ra2 25. Qc3 R2a3 26. Qd2 Ne4 27. Bxe4 Qxe4
28. Rfd1 Qe7 29. Rdc1 Qd6 30. Rb2 Bf5 31. Ne2 Ra1 32. Ng3 Rxc1+ 33. Qxc1 Bg6 34.
Qc5 Qc7 35. Rb3 Ra1+ 36. Kh2 h5 37. f4 h4 38. Ne2 Ra2 39. Nc3 Rc2 40. Ra3 Be4
41. Ra2 Rxa2 42. Nxa2 Bd3 43. Qc3 Be4 44. Nc1 Qd6 45. Kg1 Qg6 46. Qd2 Bf5 47.
Kh1 Be4 48. Nb3 Qg3 49. Kg1 Bxg2 50. Qxg2 Qxe3+ 51. Kh1 Qxb3 52. Qg4 Qb1+ 53.
Kh2 Qc2+ 54. Kh1 Qc1+ 55. Kh2 Qd2+ 56. Kh1 Qe1+ 57. Kh2 Qf2+ 58. Kh1 Qxd4 59.
Qc8+ Kh7 60. Qf5+ g6 61. Qxf7+ Qg7 62. Qe6 Qa1+ 63. Kh2 Qb2+ 64. Kh1 Qc1+ 65.
Kh2 Qxf4+ 66. Kh1 Qe4+ {White resigns} 0-1

[Event "Team 45 45 League T55"]
[Site "Internet Chess Club"]
[Date "2012.11.26"]
[Round "2"]
[White "Kravier"]
[Black "RamRock"]
[Result "1/2-1/2"]
[WhiteElo "1648"]
[BlackElo "1739"]
[Opening "Réti v Dutch"]
[ECO "A04"]
[Time "20:02:49"]
[TimeControl "2700+45"]

1. Nf3 f5 2. d4 Nf6 3. Bf4 e6 4. h3 Be7 5. e3 b6 6. a3 Bb7 7. c4 d6 8. Nbd2 Ne4
9. Rc1 O-O 10. c5 bxc5 11. dxc5 Nxc5 12. b4 Ne4 13. Nd4 Qd7 14. Qb3 Bd5 15. Bc4
Nxd2 16. Kxd2 Bxc4 17. Qxc4 Kf7 18. Qxc7 Qxc7 19. Rxc7 Na6 20. Rb7 Rfb8 21.
Rxe7+ Kxe7 22. Nc6+ Kd7 23. Nxb8+ Rxb8 24. Rc1 Nc7 25. Kc2 Nd5 26. Bh2 Rc8+ 27.
Kb2 Rxc1 28. Kxc1 Kc6 29. Kc2 e5 30. g4 fxg4 31. hxg4 h6 32. e4 Nf6 33. f3 g6
34. a4 a6 35. Kc3 h5 36. gxh5 gxh5 37. Kc4 Nh7 38. b5+ axb5+ 39. axb5+ Kc7 40.
Kd5 h4 41. b6+ Kxb6 42. Kxd6 Ng5 43. f4 Nf7+ 44. Ke6 exf4 45. Bxf4 Nd8+ 46. Kd7
Nc6 47. e5 h3 48. e6 Kb7 49. e7 Nxe7 50. Kxe7 h2 {Game drawn by mutual
agreement} 1/2-1/2

[Event "Team 45 45 League T55"]
[Site "Internet Chess Club"]
[Date "2012.11.25"]
[Round "2"]
[White "Shijith"]
[Black "chess123"]
[Result "1-0"]
[WhiteElo "2000"]
[BlackElo "1777"]
[Opening "QGD Slav: 3.Nf3"]
[ECO "D11"]
[Time "19:36:36"]
[TimeControl "2700+45"]

1. d4 d5 2. c4 c6 3. Nf3 e6 4. e3 dxc4 5. Bxc4 b5 6. Bd3 Bb7 7. O-O Nf6 8. Nc3
Be7 9. Qe2 a6 10. e4 c5 11. dxc5 Bxc5 12. Bxb5+ Nfd7 13. Bxd7+ Qxd7 14. Rd1 Qc7
15. Be3 Bxe3 16. Qxe3 O-O 17. Rac1 Nc6 18. Na4 Rad8 19. Qb6 Rxd1+ 20. Rxd1 Qxb6
21. Nxb6 Nb4 22. a3 Nc2 23. Nd7 Rc8 24. Nc5 Ba8 25. Rd6 g6 26. Rxa6 Bxe4 27. b4
Kf8 28. Ng5 Bd5 29. Nxh7+ Kg7 30. Ng5 Kf6 31. h4 Bc6 32. Ra7 Be8 33. Nce4+ Ke5
34. f3 f5 35. Ra5+ Kd4 36. Nxe6+ Ke3 37. N4g5 Kd3 38. Rd5+ Kc4 39. Ra5 Kb3 40.
b5 Nxa3 41. b6 Nc4 42. b7 Rb8 43. Ra8 {Black resigns} 1-0

[Event "Team 45 45 League T55"]
[Site "Internet Chess Club"]
[Date "2012.11.22"]
[Round "2"]
[White "pishd"]
[Black "Archdruid"]
[Result "1-0"]
[WhiteElo "1781"]
[BlackElo "1558"]
[Opening "King's Indian: London system"]
[ECO "A48"]
[Time "07:03:47"]
[TimeControl "2700+45"]

1. d4 Nf6 2. Nf3 g6 3. Bf4 d6 4. e3 Bg7 5. h3 b6 6. Be2 Bb7 7. O-O O-O 8. Nbd2
Nbd7 9. Bh2 Re8 10. c3 e6 11. Qa4 a6 12. Rab1 Re7 13. Rfc1 b5 14. Qa3 Ne4 15. c4
Nxd2 16. Nxd2 bxc4 17. Nxc4 Nf6 18. Na5 Be4 19. Nc6 Bxc6 20. Rxc6 a5 21. Bf3 Ra7
22. b4 Qb8 23. b5 Ne8 24. b6 Bf8 25. Rbc1 Rb7 26. bxc7 Rbxc7 27. Bg3 Rxc6 28.
Rxc6 Rc7 29. Qxa5 Ra7 30. Ra6 Rxa6 31. Qxa6 Ng7 32. e4 f6 33. a4 e5 34. Qc4+ Kh8
35. Be2 Qb1+ 36. Kh2 Qxe4 37. Qf7 Qa8 38. Qxf6 exd4 39. Qxd4 Qd8 40. Bh4 Qe8 41.
Bb5 Qe5+ 42. Qxe5 dxe5 43. Bf6 Bd6 44. Kg1 Kg8 45. a5 Ne6 46. Bc4 Kf7 47. Bd8
Ke8 48. Bb6 Nc7 49. g4 Kd7 50. Kg2 Kc6 51. Kf3 Na8 52. Be3 Nc7 53. Ke4 Kb7 54.
g5 Bb4 55. a6+ Nxa6 56. Bxa6+ Kxa6 57. Kxe5 Kb7 58. Kf6 Kc7 59. Kg7 Kd7 60. Kxh7
Ke7 61. Kxg6 Bc3 62. Kh7 Kf7 63. g6+ Kf8 64. Bh6+ Ke7 65. g7 Bxg7 66. Kxg7 Ke6
67. Be3 Kf5 68. h4 Kg4 69. Bg5 Kh5 70. Kh7 Kg4 71. f4 Kf5 72. h5 Ke6 73. Kg7 Kf5
74. h6 {Black resigns} 1-0

[Event "Team 45 45 League T55"]
[Site "Internet Chess Club"]
[Date "2012.11.23"]
[Round "2"]
[White "Egmont"]
[Black "justice02"]
[Result "0-1"]
[WhiteElo "1740"]
[BlackElo "1727"]
[Opening "Queen's pawn, Mason variation"]
[ECO "D00"]
[Time "09:00:03"]
[TimeControl "2700+45"]

1. d4 d5 2. Bf4 c6 3. c3 a6 4. e3 Nd7 5. Nf3 Ngf6 6. h3 g6 7. Bd3 Bg7 8. O-O O-O
9. Nbd2 Nh5 10. Bg5 f5 11. g4 fxg4 12. hxg4 Nhf6 13. Nh2 e5 14. dxe5 Nxe5 15.
Be2 Qb6 16. Bf4 Nfd7 17. Qc2 Nc5 18. Nb3 Ne6 19. Bg3 Ng5 20. Nd2 Bd7 21. Bh4 Bh6
22. Rae1 Ngf7 23. Be7 Rfe8 24. Ba3 Rad8 25. Bd1 c5 26. Qb3 Qxb3 27. Bxb3 Bb5 28.
Bxc5 Bxf1 29. Kxf1 Nd3 30. Bb6 Rd6 31. Ba4 Rxb6 32. Bxe8 Nxe1 33. Kxe1 Rxb2 34.
a4 Ne5 35. f4 Kf8 {White resigns} 0-1

[Event "Team 45 45 League T55"]
[Site "Internet Chess Club"]
[Date "2012.11.25"]
[Round "2"]
[White "timothysmall56"]
[Black "zigzag2002"]
[Result "0-1"]
[WhiteElo "1710"]
[BlackElo "1970"]
[Opening "Sicilian: Alapin's variation (2.c3)"]
[ECO "B22"]
[Time "21:00:23"]
[TimeControl "2700+45"]

1. e4 c5 2. c3 Nf6 3. e5 Nd5 4. Bc4 Nb6 5. Bb3 Nc6 6. d4 cxd4 7. cxd4 d5 8. exd6
Qxd6 9. Ne2 Be6 10. Bf4 Bxb3 11. Qxb3 Qg6 12. O-O e6 13. Nbc3 Bb4 14. Nb5 O-O
15. a3 Be7 16. Rac1 Nd5 17. Bg3 Qg4 18. f3 Qg5 19. f4 Qf5 20. Be1 Rfd8 21. Ng3
Qg6 22. f5 Qh6 23. Bf2 Bg5 24. Rce1 Bd2 25. Re2 Na5 26. Qc2 Be3 27. Qe4 Nc4 28.
Bxe3 Ncxe3 29. Rfe1 a6 30. Nc3 Nxc3 31. bxc3 Nd5 32. Qf3 exf5 33. Nxf5 Qc6 34.
Ne7+ Nxe7 35. Rxe7 Qxf3 36. gxf3 Rab8 37. Rc7 Rdc8 38. Ree7 Rxc7 39. Rxc7 Kf8
40. Kf2 a5 41. Ke3 b5 42. d5 b4 43. axb4 axb4 44. cxb4 Rxb4 45. d6 Ke8 46. Re7+
Kf8 47. Rc7 Rb8 48. d7 Rd8 49. Rc8 Ke7 50. Rxd8 Kxd8 51. h4 Kxd7 52. Ke4 Ke6 53.
Kf4 Kf6 54. Kg4 Ke5 55. f4+ Ke4 56. f5 Ke5 57. Kh5 Kf4 58. f6 gxf6 59. Kh6 Kg4
60. Kxh7 Kxh4 {White resigns} 0-1

[Event "Team 45 45 League T55"]
[Site "Internet Chess Club"]
[Date "2012.11.24"]
[Round "2"]
[White "primerpaso"]
[Black "Justi"]
[Result "0-1"]
[WhiteElo "1926"]
[BlackElo "2100"]
[Opening "English: symmetrical, Botvinnik system"]
[ECO "A36"]
[Time "18:00:24"]
[TimeControl "2700+45"]

1. c4 c5 2. Nc3 Nc6 3. g3 g6 4. Bg2 Bg7 5. e4 d6 6. Nge2 Nf6 7. O-O O-O 8. d3 a6
9. f4 Rb8 10. h3 Bd7 11. Be3 b5 12. Qd2 Ne8 13. Rae1 Nc7 14. f5 Ne5 15. b3 b4
16. Nd1 a5 17. d4 cxd4 18. Bxd4 Na6 19. Ne3 Nc5 20. Nc1 Bh6 21. Qc2 Bc6 22. Rd1
Qc7 23. Nd5 Qb7 24. f6 e6 25. Ne7+ Kh8 26. Nxc6 Nxc6 27. Bb2 Qb6 28. Qf2 Rfd8
29. Nd3 Nd7 30. Qxb6 Nxb6 31. e5 Be3+ 32. Kh2 d5 33. Nf4 Bxf4 34. gxf4 Rbc8 35.
cxd5 Nxd5 36. Bxd5 Rxd5 37. Rxd5 exd5 38. e6 fxe6 39. Rc1 Kg8 40. Be5 Kf7 41.
Rc5 h6 42. Rb5 g5 43. Rb7+ Kg6 44. Rg7+ Kf5 45. f7 Nxe5 46. fxe5 Rf8 {White
resigns} 0-1

[Event "Team 45 45 League T55"]
[Site "Internet Chess Club"]
[Date "2012.11.26"]
[Round "2"]
[White "chess09"]
[Black "cesaralexander"]
[Result "0-1"]
[WhiteElo "2011"]
[BlackElo "1920"]
[Opening "QGA, 4.Nc3"]
[ECO "D24"]
[Time "21:03:32"]
[TimeControl "2700+45"]

1. d4 d5 2. c4 dxc4 3. Nf3 Nf6 4. Nc3 a6 5. a4 Nc6 6. e3 Na5 7. Ne5 Be6 8. Be2
g6 9. O-O Bg7 10. Qc2 O-O 11. Rd1 c6 12. e4 Nb3 13. Ra3 Nxd4 14. Qd2 Nxe2+ 15.
Qxe2 Qc7 16. Nxc4 b5 17. axb5 cxb5 18. Ne3 b4 19. Ncd5 Bxd5 20. Nxd5 Nxd5 21.
Rh3 Nf4 22. Bxf4 Qxf4 23. g3 Qe5 24. Qg4 h5 25. Qf3 Rfd8 26. Rb1 Qe6 27. Kg2 Rd4
28. Re1 Rad8 29. Re3 Rd2 30. Re2 Rxe2 31. Qxe2 Rd4 32. Rh4 Bf6 33. Rf4 Bg5 34.
Rf3 Qxe4 35. Qxa6 Rd6 36. Qb5 Rf6 37. Qd3 Qxf3+ 38. Qxf3 Rxf3 39. Kxf3 Kg7 40.
Ke4 Kf6 41. Kd5 Bc1 42. b3 Bd2 43. Ke4 e5 44. Kd3 Bc3 45. Ke4 Ke6 46. Kd3 f5 47.
h3 Kd5 48. Ke2 e4 49. Ke3 Be5 50. h4 Bf6 51. Ke2 Kd4 52. Kd2 f4 53. gxf4 Bxh4
54. Ke2 Kc3 55. Ke3 Kxb3 56. Kxe4 Bxf2 57. Ke5 Bh4 58. f5 gxf5 59. Kxf5 Kc3 60.
Kg6 b3 61. Kxh5 Be1 62. Kg4 b2 63. Kf5 b1=Q+ 64. Ke5 Qb5+ 65. Ke6 Kd4 66. Kf6
Qe5+ 67. Kg6 Ke4 68. Kf7 Qd6 69. Kg7 Kf5 70. Kf7 Qc7+ 71. Kg8 Kg6 72. Kh8 Qg7#
{White checkmated} 0-1

[Event "Team 45 45 League T55"]
[Site "Internet Chess Club"]
[Date "2012.12.01"]
[Round "2"]
[White "CaoCao"]
[Black "prapad"]
[Result "1-0"]
[WhiteElo "1875"]
[BlackElo "1674"]
[Opening "French: Winawer (Nimzovich) variation"]
[ECO "C15"]
[Time "22:01:29"]
[TimeControl "2700+45"]

1. e4 e6 2. d4 d5 3. Nc3 Bb4 4. exd5 exd5 5. Qf3 Nf6 6. Bg5 O-O 7. Bxf6 Qxf6 8.
Qxf6 gxf6 9. O-O-O c6 10. Bd3 Be6 11. Nge2 Re8 12. a3 Bd6 13. Ng3 a5 14. Nh5 Be7
15. Rde1 b5 16. f4 b4 17. Nb1 Na6 18. Re3 c5 19. Bxa6 Rxa6 20. dxc5 Bd7 21. Rhe1
Re6 22. axb4 axb4 23. f5 Re5 24. Rxe5 fxe5 25. Nd2 Bxc5 26. Nf6+ Kg7 27. Nxd7
Bd4 28. Nf3 Ba7 29. Ndxe5 f6 30. Nc6 Rxe1+ 31. Nxe1 Be3+ 32. Kd1 Bc5 33. Nd3 Bf8
34. Ncxb4 {Black resigns} 1-0

[Event "Team 45 45 League T55"]
[Site "Internet Chess Club"]
[Date "2012.11.24"]
[Round "2"]
[White "jps7"]
[Black "jotap"]
[Result "1-0"]
[WhiteElo "1607"]
[BlackElo "1557"]
[Opening "Queen's pawn game"]
[ECO "D02"]
[Time "22:00:31"]
[TimeControl "2700+45"]

1. d4 d5 2. Nf3 c6 3. e3 Nf6 4. h3 e6 5. b3 Bd6 6. Bd3 O-O 7. O-O Nbd7 8. Bb2 b5
9. Ne5 Qc7 10. f4 Bb7 11. Nd2 a6 12. Rc1 c5 13. Nxd7 Qxd7 14. dxc5 Be7 15. b4 a5
16. a3 axb4 17. axb4 Qc6 18. Qe2 Ba6 19. Nb3 Rfc8 20. Nd4 Qb7 21. Ra1 Qb8 22. c3
Ne4 23. Bxe4 dxe4 24. Qc2 Bb7 25. Rxa8 Bxa8 26. Qe2 Bc6 27. Nxc6 Rxc6 28. Ra1
Bd8 29. Qd2 Bc7 30. Qd7 Bxf4 31. Qxc6 Bxe3+ 32. Kh1 {Black resigns} 1-0

[Event "Team 45 45 League T55"]
[Site "Internet Chess Club"]
[Date "2012.11.24"]
[Round "2"]
[White "steadman"]
[Black "TerryMalloy"]
[Result "1/2-1/2"]
[WhiteElo "2122"]
[BlackElo "2080"]
[Opening "Dutch defense"]
[ECO "A81"]
[Time "09:03:13"]
[TimeControl "2700+45"]

1. d4 f5 2. g3 d6 3. Bg2 c6 4. c4 Nf6 5. Nc3 Na6 6. Nf3 g6 7. O-O Bg7 8. Rb1 O-O
9. b4 Qe8 10. d5 Bd7 11. Be3 Ng4 12. Bd4 Bxd4 13. Nxd4 c5 14. bxc5 Nxc5 15. Ne6
Bxe6 16. dxe6 Rb8 17. Bd5 Rf6 18. Qd2 Qf8 19. h3 Qh6 20. Qxh6 Nxh6 21. Nb5 a6
22. Nd4 Rff8 23. Rb6 Kg7 24. Rfb1 Ng8 25. Bxb7 Nxb7 26. Rxb7 Rxb7 27. Rxb7 Rc8
28. Rb4 Nf6 29. f3 Ne8 30. Kf2 Kf6 31. Ke3 Ng7 32. Kd3 Nxe6 33. Nxe6 Kxe6 34.
Rb6 a5 35. Rb5 Ra8 {Game drawn by mutual agreement} 1/2-1/2

[Event "Team 45 45 League T55"]
[Site "Internet Chess Club"]
[Date "2012.11.21"]
[Round "2"]
[White "chsrules88"]
[Black "NAN"]
[Result "0-1"]
[WhiteElo "2017"]
[BlackElo "1990"]
[Opening "French: advance, Milner-Barry gambit"]
[ECO "C02"]
[Time "15:05:34"]
[TimeControl "2700+45"]

1. e4 e6 2. d4 d5 3. e5 c5 4. c3 Nc6 5. Nf3 Qb6 6. Bd3 Bd7 7. dxc5 Bxc5 8. O-O
a5 9. Qe2 Nge7 10. Bf4 Ng6 11. Bg3 Nce7 12. c4 Bc6 13. Nc3 O-O 14. cxd5 Nxd5 15.
Nxd5 Bxd5 16. b3 a4 17. bxa4 Rxa4 18. Bc2 Ra3 19. Be4 Rd8 20. Rfd1 Bxe4 21.
Rxd8+ Qxd8 22. Qxe4 b6 23. h3 h6 24. Bf4 Nxf4 25. Qxf4 Qd5 26. Qc1 Rxa2 27. Rxa2
Qxa2 28. Qf1 Qb2 29. Qe1 b5 30. Qf1 b4 31. Qb5 Qxf2+ 32. Kh2 Qe3 33. Qe8+ Bf8
34. Qd7 b3 35. Ng5 Qxe5+ 36. Kh1 Qxg5 {White forfeits on time} 0-1

[Event "Team 45 45 League T55"]
[Site "Internet Chess Club"]
[Date "2012.11.25"]
[Round "2"]
[White "Muravey"]
[Black "Drekov"]
[Result "1/2-1/2"]
[WhiteElo "2086"]
[BlackElo "1848"]
[Opening "Caro-Kann: Panov-Botvinnik, normal variation"]
[ECO "B13"]
[Time "10:30:34"]
[TimeControl "2700+45"]

1. e4 c6 2. d4 d5 3. exd5 cxd5 4. c4 Nf6 5. Nc3 Nc6 6. Bg5 e6 7. cxd5 exd5 8.
Nf3 Be7 9. Bd3 O-O 10. O-O Bg4 11. Be2 Ne4 12. Bxe7 Nxe7 13. Ne5 Bxe2 14. Qxe2
Nxc3 15. bxc3 Ng6 16. f4 f6 17. Nxg6 hxg6 18. Qe6+ Rf7 19. Qg4 Qc8 20. Qxg6 Qxc3
21. Rad1 Qe3+ 22. Kh1 Re7 23. Qh5 Qe4 24. h3 g6 25. Qh4 Rh7 26. Qg3 Kf7 27. Rfe1
Qf5 28. Rc1 Rc8 29. Rxc8 Qxc8 30. Qa3 Qd7 31. Qxa7 Rxh3+ 32. gxh3 Qxh3+ 33. Kg1
Qg3+ 34. Kf1 Qf3+ 35. Kg1 Qg3+ 36. Kf1 Qf3+ 37. Kg1 Qg3+ 38. Kf1 Qf3+ 39. Kg1
{Game drawn by repetition} 1/2-1/2

[Event "Team 45 45 League T55"]
[Site "Internet Chess Club"]
[Date "2012.11.25"]
[Round "2"]
[White "Barrett-CCSCSL"]
[Black "fledermaus"]
[Result "1-0"]
[WhiteElo "2103"]
[BlackElo "1939"]
[Opening "Queen's pawn game"]
[ECO "D05"]
[Time "11:01:41"]
[TimeControl "2700+45"]

1. d4 d5 2. Nf3 Nf6 3. e3 e6 4. Be2 Bd6 5. O-O O-O 6. Nbd2 c5 7. dxc5 Bxc5 8. c4
Nc6 9. Qc2 Qe7 10. a3 dxc4 11. Nxc4 a6 12. b4 Ba7 13. Bb2 b5 14. Ncd2 Bb7 15.
Rac1 Rac8 16. Qb1 Rfd8 17. Ng5 Rxd2 18. Bxf6 Qxf6 19. Qxh7+ Kf8 20. Ne4 Qd8 21.
Nxd2 Qxd2 22. Rfd1 Qxe2 23. Rd7 Ke8 24. Rxb7 {Black resigns} 1-0

[Event "Team 45 45 League T55"]
[Site "Internet Chess Club"]
[Date "2012.11.24"]
[Round "2"]
[White "SaltofLife"]
[Black "Epcot"]
[Result "1-0"]
[WhiteElo "1866"]
[BlackElo "1996"]
[Opening "Queen's pawn game"]
[ECO "A46"]
[Time "00:16:13"]
[TimeControl "2700+45"]

1. d4 Nf6 2. Nf3 e6 3. c3 c5 4. Bg5 Be7 5. Nbd2 b6 6. e4 cxd4 7. cxd4 d5 8. e5
Nfd7 9. Bxe7 Qxe7 10. Qa4 O-O 11. Bd3 a6 12. Rc1 Bb7 13. O-O f5 14. Rc7 b5 15.
Qc2 Ra7 16. Nb3 Qb4 17. Rc1 Nb6 18. Nc5 Rf7 19. Nxe6 Nc6 20. Rxf7 Kxf7 21. Nd8+
Nxd8 22. Qc7+ Qe7 23. Qxb6 Bc8 24. Rxc8 {Black resigns} 1-0

[Event "Team 45 45 League T55"]
[Site "Internet Chess Club"]
[Date "2012.11.22"]
[Round "2"]
[White "room-matt"]
[Black "Wholebrain"]
[Result "0-1"]
[WhiteElo "1822"]
[BlackElo "1934"]
[Opening "Sicilian: Grand Prix attack"]
[ECO "B21"]
[Time "14:31:12"]
[TimeControl "2700+45"]

1. e4 c5 2. f4 Nc6 3. Nf3 e6 4. Nc3 d5 5. Bb5 Ne7 6. Qe2 d4 7. Nd1 a6 8. Bxc6+
Nxc6 9. b3 Be7 10. Bb2 O-O 11. O-O Qc7 12. e5 Nb4 13. c3 dxc3 14. dxc3 Nd5 15.
Qd2 Rd8 16. g3 b5 17. Qf2 Bb7 18. Ng5 Qc6 19. Nf3 c4 20. Qg2 cxb3 21. axb3 Bc5+
22. Kh1 Rd7 23. c4 bxc4 24. bxc4 Nb4 25. Nf2 Qxf3 {White resigns} 0-1

[Event "Team 45 45 League T55"]
[Site "Internet Chess Club"]
[Date "2012.11.25"]
[Round "2"]
[White "Warren"]
[Black "JesseRCohen"]
[Result "1-0"]
[WhiteElo "2246"]
[BlackElo "2258"]
[Opening "Giuoco Pianissimo"]
[ECO "C50"]
[Time "23:31:26"]
[TimeControl "2700+45"]

1. e4 e5 2. Nf3 Nc6 3. Bc4 Bc5 4. d3 d6 5. c3 Nf6 6. Nbd2 a6 7. Bb3 O-O 8. O-O
Ba7 9. h3 Nh5 10. Nc4 Qf6 11. Ne3 Nf4 12. Nd5 Nxd5 13. exd5 Nb8 14. Bc2 h6 15.
d4 Bf5 16. dxe5 dxe5 17. Re1 Nd7 18. Be3 Bxe3 19. Rxe3 Bxc2 20. Qxc2 Qd6 21. c4
f5 22. a3 e4 23. Nd4 Nc5 24. b4 Nd3 25. Qb3 Qf6 26. Qc3 Rae8 27. Rd1 f4 28.
Rexd3 exd3 29. Qxd3 c6 30. Qf3 cxd5 31. cxd5 Qd6 32. Ne6 Rf7 33. Re1 b6 34. Rc1
Rd7 35. Qh5 Rb8 36. Rd1 a5 37. Rd4 axb4 38. axb4 Rf7 39. Qg6 f3 40. gxf3 Ra8 41.
Kg2 Qd7 42. f4 Rf6 43. Qe4 Qf7 44. Rc4 Re8 45. Rc6 b5 46. Qd3 Ra8 47. Rc7 Rg6+
48. Kh2 Qf6 49. Qe3 Kh7 50. Qe4 Ra2 51. Rc2 Rxc2 52. Qxc2 Qf7 53. f5 Rf6 54. d6
Qa7 55. Qc5 Qe7 56. dxe7 {Black resigns} 1-0

[Event "Team 45 45 League T55"]
[Site "Internet Chess Club"]
[Date "2012.11.24"]
[Round "2"]
[White "qlwqznzn"]
[Black "Fezzik"]
[Result "1/2-1/2"]
[WhiteElo "2259"]
[BlackElo "2204"]
[Opening "Sicilian: Anderssen variation"]
[ECO "B41"]
[Time "21:44:17"]
[TimeControl "2700+45"]

1. e4 c5 2. Nf3 e6 3. d4 cxd4 4. Nxd4 Nf6 5. Bd3 Nc6 6. Bd2 Nxd4 7. e5 Nd5 8.
O-O Nc6 9. Qe2 Qb6 10. c4 Ndb4 {Game drawn by mutual agreement} 1/2-1/2

[Event "Team 45 45 League T55"]
[Site "Internet Chess Club"]
[Date "2012.11.25"]
[Round "2"]
[White "steadman"]
[Black "SonOfFlash"]
[Result "1/2-1/2"]
[WhiteElo "2120"]
[BlackElo "2086"]
[Opening "Grünfeld defense"]
[ECO "D80"]
[Time "18:00:09"]
[TimeControl "2700+45"]

1. d4 Nf6 2. c4 g6 3. Nc3 d5 4. e4 dxe4 5. f3 exf3 6. Nxf3 Bg7 7. Be2 O-O 8. O-O
c5 9. d5 Bf5 10. Be3 Nbd7 11. Nh4 Be4 12. Nxe4 Nxe4 13. Qc2 Nd6 14. Rad1 a6 15.
a3 Rc8 16. Nf3 b5 17. Nd2 Nf5 18. Bf2 Nd4 19. Bxd4 Bxd4+ 20. Kh1 Qb6 21. Nf3 Bf6
22. Nd2 Ne5 23. Ne4 Bg7 24. d6 exd6 25. cxb5 axb5 26. Nxd6 Rcd8 27. Nxb5 Nc6 28.
Rxd8 {Game drawn by mutual agreement} 1/2-1/2

[Event "Team 45 45 League T55"]
[Site "Internet Chess Club"]
[Date "2012.11.24"]
[Round "2"]
[White "nurmi"]
[Black "PoisonPawn"]
[Result "1-0"]
[WhiteElo "2058"]
[BlackElo "2013"]
[Opening "King's gambit"]
[ECO "C30"]
[Time "16:00:06"]
[TimeControl "2700+45"]

1. e4 e5 2. f4 Nc6 3. Nf3 f5 4. exf5 e4 5. Ne5 Nf6 6. Nc3 Bb4 7. Nxe4 Nxe4 8.
Qh5+ Ke7 9. Qf7+ Kd6 10. Bc4 Qh4+ 11. g3 Nxg3 12. Qd5+ Ke7 13. hxg3 Qxg3+ 14.
Kd1 Qxf4 15. Rf1 Qg3 16. f6+ gxf6 17. Qf7+ Kd6 18. Rxf6+ Kxe5 19. Rf5+ {Black
resigns} 1-0

[Event "Team 45 45 League T55"]
[Site "Internet Chess Club"]
[Date "2012.11.22"]
[Round "2"]
[White "MaartenKoning"]
[Black "hariputter"]
[Result "1/2-1/2"]
[WhiteElo "2273"]
[BlackElo "2142"]
[Opening "Sicilian: Smith-Morra gambit"]
[ECO "B21"]
[Time "14:12:40"]
[TimeControl "2700+45"]

1. e4 c5 2. d4 cxd4 3. c3 dxc3 4. Nxc3 Nc6 5. Nf3 Nf6 6. Bc4 Qc7 7. Qe2 e6 8. e5
Ng4 9. Bf4 d5 10. Bb3 Bc5 11. O-O O-O 12. h3 Nxf2 13. Rxf2 Qb6 14. Rf1 Bd7 15.
Kh1 Bxf2 16. Rxf2 Nd4 17. Nxd4 Qxd4 18. Nd1 Rac8 19. Bg3 Rc1 20. Kh2 Qc5 21. Rf3
d4 22. Bf2 Bb5 23. Qe1 Bc4 24. Qd2 Bxb3 25. Rxb3 Qxe5+ 26. Rg3 Qc7 27. Bxd4 f6
28. Bc3 Ra1 29. b3 Rd8 30. Qe2 Raxd1 31. Bxf6 g6 32. Qxe6+ Qf7 33. Qxf7+ Kxf7
34. Bxd8 Rxd8 35. Rc3 Rd7 {Game drawn by mutual agreement} 1/2-1/2

[Event "Team 45 45 League T55"]
[Site "Internet Chess Club"]
[Date "2012.11.22"]
[Round "2"]
[White "avila"]
[Black "Barrett-CCSCSL"]
[Result "0-1"]
[WhiteElo "1979"]
[BlackElo "2093"]
[Opening "French: advance, Euwe variation"]
[ECO "C02"]
[Time "12:01:21"]
[TimeControl "2700+45"]

1. e4 e6 2. d4 d5 3. e5 c5 4. c3 Nc6 5. Nf3 Bd7 6. Be2 cxd4 7. cxd4 Qb6 8. O-O
f6 9. exf6 Nxf6 10. Nc3 Bd6 11. Na4 Qc7 12. Bg5 O-O 13. Nc3 a6 14. Rc1 b5 15. a3
Qb7 16. b4 Rac8 17. Qb3 Qb8 18. Bxf6 Rxf6 19. Rfd1 Ne7 20. h3 Ng6 21. Bf1 Rcf8
22. Ne2 Qd8 23. Rc3 R6f7 24. Rcd3 Qf6 25. g3 Qf5 26. Bg2 Bc6 27. R3d2 Bb7 28. h4
Rc7 29. Rc1 Rc4 30. Qd3 Rfc8 31. Rxc4 dxc4 32. Qxf5 exf5 33. Nc3 Re8 34. Kf1 f4
35. h5 Ne7 36. g4 Bc8 37. Bh3 Nc6 38. Re2 Rxe2 39. Kxe2 Kf7 40. Ng5+ Kg8 41. Nf3
Kf7 42. Ng5+ Ke7 43. Nd5+ Kf8 44. Nf3 a5 45. Nc3 Ba6 46. d5 axb4 47. axb4 Nxb4
48. Nd4 Be5 49. Ndxb5 Nxd5 50. Nxd5 Bxb5 51. Kd2 g5 52. hxg6 hxg6 53. Nc3 Ba6
54. Bg2 Bd4 55. Nd1 Ke7 56. Be4 g5 57. f3 Kd6 58. Nc3 Kc5 59. Kc2 Kb6 60. Bd5
Kc5 61. Ba8 Bxc3 62. Kxc3 Bb5 63. Be4 Bd7 64. Bc2 Be6 65. Bd1 Bf7 66. Bc2 Be8
67. Bd1 Bc6 68. Be2 Ba4 69. Bxc4 Bd1 70. Be6 Bxf3 71. Kd3 Kd6 72. Bf5 Bc6 73.
Ke2 Bd7 74. Be4 Bxg4+ 75. Kf2 Ke5 76. Bc6 Bf5 77. Bf3 Kd4 78. Bd1 g4 79. Kg2
Be4+ 80. Kf2 g3+ 81. Kg1 Ke3 82. Bg4 f3 83. Bxf3 Kxf3 84. Kf1 g2+ 85. Kg1 Bd3
86. Kh2 Kf2 87. Kh3 g1=Q 88. Kh4 Bg6 89. Kh3 Qg3# {White checkmated} 0-1

[Event "Team 45 45 League T55"]
[Site "Internet Chess Club"]
[Date "2012.11.27"]
[Round "2"]
[White "Campagnolo"]
[Black "xwang1"]
[Result "1/2-1/2"]
[WhiteElo "2063"]
[BlackElo "2035"]
[Opening "King's Indian: 5.Nf3"]
[ECO "E90"]
[Time "21:31:35"]
[TimeControl "2700+45"]

1. Nf3 Nf6 2. c4 g6 3. Nc3 Bg7 4. e4 d6 5. d4 O-O 6. h3 e5 7. d5 a5 8. Bg5 Na6
9. Nd2 Bd7 10. Be2 Qe8 11. g4 Nc5 12. h4 h6 13. Be3 Nh7 14. h5 Ng5 15. Bxg5 hxg5
16. Nb3 Nxb3 17. Qxb3 b6 18. Nb5 Qc8 19. Qg3 f6 20. f3 Be8 21. hxg6 Bxg6 22. Rc1
Kf7 23. Kf2 Qd7 24. Rh3 Rh8 25. Rch1 Rxh3 26. Rxh3 Rh8 27. Rxh8 Bxh8 28. Qg1 Qc8
29. Bd1 Bg7 30. Qh1 Qb7 31. Ba4 Kg8 32. Qd1 Bf8 33. Nc3 Qc8 34. Bc6 Kf7 35. Qa4
Ke7 36. Ne2 Bg7 {Game drawn by mutual agreement} 1/2-1/2